[Event "*** SCC Grand Prix: Titled Tuesday Blitz"]
[Site "Chess.com"]
[Date "2020.09.08"]
[Round "1"]
[White "CakeinSpace2002"]
[Black "Ginger_GM"]
[Result "0-1"]
[WhiteElo "2258"]
[BlackElo "2587"]
[TimeControl "180+1"]
[EndTime "10:08:47 PDT"]
[Termination "Ginger_GM won by checkmate"]

1. e4 c5 2. Nf3 d6 3. d4 cxd4 4. Qxd4 Nf6 5. h3 Nc6 6. Qe3 d5 7. exd5 Nxd5 8. Qb3 e6 9. Bb5 Bd7 10. O-O Be7 11. Nbd2 O-O 12. Ne4 a6 13. Be2 b5 14.
c3 Qc7 15. Bg5 Na5 16. Qc2 Nc4 17. Bxe7 Nxe7 18. Rad1 Bc6 19. Neg5 g6 20. Nd4 Bd5 21.
Bf3 Qe5 22. Bxd5 Nxd5 23. Ngf3 Qf6 24. a4 Nf4 25. axb5 axb5 26. Qe4 Nxb2 27. Rb1 Na4 28. Nxb5 Nc5 29. Qe5 Qxe5 30. Nxe5 Rfd8 31. Rfd1 f6 32.
Nc6 Rxd1+ 33. Rxd1 Ra2 34. c4 h5 35. Ncd4 e5 36. Nc6 h4 37. Ne7+ Kf7 38. Nd5 Ne2+ 39. Kf1 Rc2 40. Re1 Nf4 41. Nxf4 exf4 42. Nd6+ Kg7 43.
Re2 Rc1+ 44. Re1 Rc3 45. Re2 Nd3 46. Kg1 Ne5 47. Kh2 Nxc4 48. Nxc4 Rxc4 49. f3 Kh6 50. Rd2 Rc5 51. Rd8 Kg5 52. Rd4 Kf5 53. Re4 g5 54. Re8 Re5 55. Rf8 Ke6 56. Re8+ Kf7 57. Rd8 f5 58.
Rd2 Kg6 59. Rf2 Kh5 60. Rd2 Rb5 61. Rd8 Kg6 62. Rd6+ Kh5 63. Rf6 g4 64. fxg4+ fxg4 65. hxg4+ Kxg4 66. Rf8 Rg5 67. Rf7 Rg6 68. Rf8 Kg5 69. Rf7 Rf6 70. Rg7+ Rg6 71. Rf7 Kg4 72. Rf8 Re6 73. Rg8+ Kf5 74. Kh3 Rh6 75. Rg3 hxg3# 0-1

[Event "*** SCC Grand Prix: Titled Tuesday Blitz"]
[Site "Chess.com"]
[Date "2020.09.08"]
[Round "1"]
[White "Artem_Sadovsky"]
[Black "MikeSailer"]
[Result "1-0"]
[WhiteElo "2513"]
[BlackElo "2126"]
[TimeControl "180+1"]
[EndTime "10:08:49 PDT"]
[Termination "Artem_Sadovsky won by resignation"]

1. Nf3 d5 2. c4 c6 3. b3 Nf6 4. Bb2 Bf5 5. e3 e6 6. Be2 Be7 7. O-O h6 8. d3 O-O 9. Nbd2 Nbd7 10. Qc2 Rc8 11. Rad1 a6 12. Qc1 b5 13. Qa1 bxc4 14. dxc4 Qb6 15. Ne5 Nxe5 16. Bxe5 Rfd8 17. Nf3 Ne8 18.
Bd4 c5 19. Bb2 Bf6 20. cxd5 Bxb2 21. Qxb2 exd5 22. Qe5 Be6 23. Rd2 Qd6 24. Qxd6 Rxd6 25. Rc1 c4 26. Nd4 Rb6 27. bxc4 dxc4 28. Nxe6 fxe6 29. Bxc4 Rcc6 30. g3 Nd6 31. Bxe6+ Kf8 32. Rxc6 Rxc6 33. Bd5 Rb6 34. Kg2 Ke7 35. e4 Nb5 36. e5 Nc3 37. Bb3 a5 38. Rd3 Ne4 39.
Rd4 Nc5 40. Rd5 Nxb3 41. axb3 Rxb3 42. Rxa5 Ke6 43. h4 Rb7 44. h5 Kf5 45. Kh3 Re7 46. f4 Ke4 47. Ra6 Kf3 48. Ra3+ Ke4 49. Kg4 Re6 50.
Ra4+ Kd5 51. Kf5 Re7 52. Ra5+ Kd4 53. Ra6 Ke3 54. g4 Rf7+ 55. Kg6 Rxf4 56. Kxg7 Rxg4+ 57. Kxh6 Re4 58. e6 Kf4 59. Kg6 Kg4 60. h6 Kf3 61. h7 Rg4+ 62. Kf7 Rh4 63. Kg8 Rg4+ 64. Kf8 Rh4 65. e7 Rxh7 66. e8=Q Rh8+ 67. Kf7 1-0

[Event "*** SCC Grand Prix: Titled Tuesday Blitz"]
[Site "Chess.com"]
[Date "2020.09.08"]
[Round "1"]
[White "banane_verte"]
[Black "Sibelephant"]
[Result "0-1"]
[WhiteElo "2471"]
[BlackElo "3119"]
[TimeControl "180+1"]
[EndTime "10:08:52 PDT"]
[Termination "Sibelephant won by resignation"]

1. e4 e5 2. Nf3 Nc6 3. Bc4 Nf6 4. d3 Be7 5. c3 O-O 6. Bb3 d5 7. Nbd2 Be6 8. Bc2 a5 9. a4 dxe4 10. dxe4 Bc5 11. O-O Qe7 12. Qe2 Rad8 13. Re1 Ng4 14.
Rf1 Rd7 15. h3 Nf6 16. Re1 Nh5 17. Nf1 Nf4 18. Bxf4 exf4 19. N1h2 Rfd8 20. e5 Bd5 21. Bf5 Be6 22. Bc2 g6 23. Qe4 Bf5 24. Qe2 Bxc2 25.
Qxc2 h5 26. Qe4 Qe6 27. Qxf4 Ne7 28. Ng5 Qf5 29. Qxf5 Nxf5 30. Ne4 Be7 31. Nf3 Ng7 32. Kf1 Ne6 33. g3 Kg7 34. Ke2 g5 35. Rad1 Kg6 36. Rxd7 Rxd7 37. Rd1 Rxd1 38. Kxd1 Kf5 39. Ned2 g4 40. hxg4+ hxg4 41. Nd4+ Kxe5 42. Nc4+ Ke4 43. Nxe6 fxe6 44. Ke2 b6 45. Ne3 c6 46. Nxg4 b5 47. b3 Ba3 48. f3+ Kd5 49. Ne3+ Ke5 50.
Kd3 Bc1 51. f4+ Kd6 52. Ke4 Bd2 53. c4 bxa4 54. bxa4 Kc5 55. g4 Kb4 56. g5 Kxa4 57. Nc2 c5 58. Nd4 Bc3 59. Nxe6 Kb4 60. Kd3 a4 61.
Nxc5 a3 62. Na4 a2 63. Nxc3 a1=Q 64. Nd5+ Kc5 65. Ne3 Qd4+ 66. Ke2 Qxf4 67. g6 Qg5 68. Kd3 Qxg6+ 69. Kd2 Qe4 70. Ke2 Kd4 0-1

[Event "*** SCC Grand Prix: Titled Tuesday Blitz"]
[Site "Chess.com"]
[Date "2020.09.08"]
[Round "1"]
[White "olksuna"]
[Black "floplover"]
[Result "1-0"]
[WhiteElo "2661"]
[BlackElo "2330"]
[TimeControl "180+1"]
[EndTime "10:08:55 PDT"]
[Termination "olksuna won on time"]

1. Nf3 d5 2. g3 e6 3. Bg2 Nf6 4. O-O Be7 5. c4 O-O 6. d4 dxc4 7.
Qc2 a6 8. Qxc4 b5 9. Qc2 Bb7 10. Bd2 Be4 11. Qc1 c6 12. Rd1 Nbd7 13. Nc3 Bg6 14.
Nh4 Bh5 15. a3 Rc8 16. b4 Nb6 17. Nf3 Nc4 18. Be1 a5 19. Rb1 axb4 20. axb4 Bg6 21. Rb3 Nd5 22. Ne5 Nxb4 23. Rxb4 Bxb4 24. Nxc6 Rxc6 25.
Bxc6 Bxc3 26. Qxc3 Qb6 27. Bf3 Rd8 28. e3 h6 29. Qb4 Nd6 30. Rc1 Be4 31. Be2 Bd5 32.
Qa5 Qxa5 33. Bxa5 Ra8 34. Bb4 Bc4 35. Bf3 Rd8 36. Rb1 Nf5 37. Bc5 g6 38. Kg2 h5 39. h4 Rc8 40. Ra1 Kg7 41. Ra7 Nh6 42. Bd6 Nf5 43. Be5+ Kg8 44. e4 Ng7 45. d5 exd5 46.
exd5 b4 47. Rb7 b3 48. d6 Ne6 49. d7 Rd8 50. Bc6 Nc5 51. Rb4 Be6 52. Bf6 Ra8 53.
d8=Q+ Rxd8 54. Bxd8 Nd3 55. Rb8 Kg7 56. Be4 Nc5 57.
Bb1 Nd7 58. Rb4 Ne5 59. Bb6 Nc6 60. Rb5 Ne7 61. Bd4+ Kh7 62. Rb8 Ng8 63. Bb2 Bd5+ 64. f3 f5 65. Kf2 Nf6 66. Rc8 Ng8 67. Rc7+ Kh6 68. Bg7+ Kh7 69. Bf8+ Kh8 70. Bb4 Nf6 71. Bc3 Kg8 72. Bxf6 1-0

[Event "*** SCC Grand Prix: Titled Tuesday Blitz"]
[Site "Chess.com"]
[Date "2020.09.08"]
[Round "1"]
[White "Goryachkina"]
[Black "Colombiano07"]
[Result "0-1"]
[WhiteElo "2605"]
[BlackElo "2317"]
[TimeControl "180+1"]
[EndTime "10:08:55 PDT"]
[Termination "Colombiano07 won by resignation"]

1. e4 e6 2. d4 d5 3. exd5 exd5 4.
Bd3 Nc6 5. c3 Bd6 6. Qf3 Be6 7.
Ne2 Qf6 8. Bf4 Bxf4 9. Nxf4 O-O-O 10. Nd2 Nh6 11. h3 Rhe8 12. O-O-O Bf5 13. Bxf5+ Qxf5 14. g4 Qd7 15. Nd3 f5 16. g5 Nf7 17. h4 Nd6 18. Qxd5 Ne4 19. Qxd7+ Rxd7 20. Nxe4 fxe4 21. Nc5 Rf7 22. Rde1 Rf4 23. Re2 b6 24. Nb3 Ne7 25. Nd2 Nf5 26. Rhe1 Nd6 27. c4 Rxh4 28. c5 Nf5 29.
Nxe4 Rd8 30. cxb6 axb6 31. Ng3 Nxg3 32. fxg3 Rhxd4 33. Re7 R4d7 34. Rxd7 Rxd7 35. Re5 Kb7 36. Kc2 Rf7 37. a4 Kc6 38. b4 Rf2+ 39. Kc3 Rf3+ 40. Kd4 Rxg3 41. b5+ Kd6 42. Rd5+ Ke6 43. Re5+ Kd6 44.
Rd5+ Ke7 45. Re5+ Kd7 46. Rd5+ Kc8 47. Rf5 Rg4+ 48. Kd5 Rxa4 49. Rf7 Rb4 50. Rxg7 Rxb5+ 51. Ke6 Kb7 52. Kf6 Rb1 53. Rxh7 Rg1 54. Ke6 Rxg5 55.
Rh1 Rg2 56. Rd1 Rc2 57. Kd5 Rc5+ 58. Kd4 Rc6 59. Rf1 b5 60. Rf5 Kb6 61. Rh5 Rc4+ 62. Kd3 c6 63. Rg5 Rh4 64. Rf5 Ka5 65. Kc3 Rh3+ 66.
Kb2 Kb6 67. Rg5 c5 68. Kc2 b4 0-1

[Event "*** SCC Grand Prix: Titled Tuesday Blitz"]
[Site "Chess.com"]
[Date "2020.09.08"]
[Round "1"]
[White "FlamingPhoenix123"]
[Black "Deepweb2020"]
[Result "1-0"]
[WhiteElo "2552"]
[BlackElo "2214"]
[TimeControl "180+1"]
[EndTime "10:08:55 PDT"]
[Termination "FlamingPhoenix123 won by checkmate"]

1. e4 e5 2. Nf3 Nc6 3. d4 exd4 4. Bc4 Bc5 5. c3 Nf6 6. e5 d5 7. Be2 Ne4 8. cxd4 Bb6 9. Nc3 O-O 10. O-O Bg4 11. Be3 Ne7 12. h3 Bh5 13. Nd2 Bg6 14.
Ndxe4 dxe4 15. Qd2 Qd7 16. d5 Rad8 17. Rad1 Ba5 18.
Bc5 Rfe8 19. b4 Bb6 20. a4 Qf5 21. Bxe7 Rxe7 22. a5 Qxe5 23. axb6 axb6 24. Qe3 f5 25. Qd4 Qd6 26. f4 c6 27. Qe3 Qc7 28. Bc4 Kh8 29. Bb3 Red7 30. dxc6 bxc6 31. Rxd7 Rxd7 32. Rd1 Rxd1+ 33.
Bxd1 c5 34. bxc5 bxc5 35. Kf2 Qd6 36. g4 h6 37. Be2 Qd4 38. gxf5 Bxf5 39. Bg4 Bxg4 40.
hxg4 Qf6 41. Nxe4 Qf7 42. Nxc5 Qf8 43. Nd3 Qg8 44. Ne5 Kh7 45. Qe4+ g6 46. Qb7+ Qg7 47.
Qxg7+ Kxg7 48. Kg3 Kf6 49. Nd3 h5 50. g5+ Kf5 51.
Ne5 h4+ 52. Kxh4 Kxf4 53. Nxg6+ Kf5 54. Nf4 Ke5 55. g6 Kf6 56. Kh5 Kg7 57. Kg5 Kh8 58.
Nh5 Kg8 59. Kh6 Kh8 60. g7+ Kg8 61. Nf6+ Kf7 62. g8=Q+ Kxf6 63. Qg7+ Kf5 64. Qg6+ Kf4 65. Kh5 Kf3 66. Qg5 Kf2 67. Kh4 Kf1 68. Qd2 Kg1 69. Kh3 Kh1 70. Qd1# 1-0

[Event "*** SCC Grand Prix: Titled Tuesday Blitz"]
[Site "Chess.com"]
[Date "2020.09.08"]
[Round "1"]
[White "Morshynska"]
[Black "Brave_spirit12"]
[Result "1-0"]
[WhiteElo "2175"]
[BlackElo "2510"]
[TimeControl "180+1"]
[EndTime "10:08:55 PDT"]
[Termination "Morshynska won by resignation"]

1. e4 e6 2. d4 d5 3. Nd2 c5 4. exd5 exd5 5. Ngf3 Nc6 6. Bb5 Bd6 7. O-O Ne7 8. dxc5 Bxc5 9. Nb3 Bd6 10. Bg5 f6 11.
Bh4 O-O 12. Bg3 Ne5 13. Be2 Be6 14. Nfd4 Bf7 15. Re1 Nc4 16. Rb1 Be5 17. c3 Qb6 18. Bd3 a5 19. Qc2 Bg6 20. Bxg6 Nxg6 21. a4 Rfe8 22. Nb5 Rac8 23. Qd3 Red8 24. Re2 Kh8 25. N3d4 Bxg3 26. hxg3 Nge5 27. Qf5 g6 28. Qe6 Qxe6 29.
Nxe6 Re8 30. Nf4 Rcd8 31. Kf1 Kg7 32. Rd1 Nb6 33. b3 g5 34. Nd3 Ng4 35. Ne1 Nh2+ 36.
Kg1 Rxe2 37. Kxh2 Rxf2 38. Nd3 Rc2 39. Nc5 Re8 40. Nxb7 Ree2 41. Rg1 Rf2 42. Nxa5 h5 43. Nc6 Ra2 44. a5 Na8 45. b4 f5 46. Nd6 f4 47.
gxf4 gxf4 48. Nb7 f3 49. Nc5 fxg2 50. a6 h4 51. b5 Rf3 52. Nd7 Rxc3 53. Nde5 h3 54. Nd7 Rc4 55. Nce5 Rc3 56. b6 Rb2 57. b7 Nc7 58. b8=Q Rxb8 59. Nxb8 Rb3 60. Nec6 d4 61. a7 Na8 62. Nd7 Rb7 63. Nc5 Rc7 64. Ne6+ Kf6 65.
Nxc7 Nxc7 66. Nxd4 Nd5 67. Kxh3 Ne3 68. Rxg2 Ke5 69.
Re2 Kxd4 70. Rxe3 Kxe3 71. a8=Q Kd4 72. Qc8 Kd3 73. Qc5 1-0

[Event "*** SCC Grand Prix: Titled Tuesday Blitz"]
[Site "Chess.com"]
[Date "2020.09.08"]
[Round "1"]
[White "MVM2008"]
[Black "KNCP_719"]
[Result "1/2-1/2"]
[WhiteElo "2255"]
[BlackElo "2567"]
[TimeControl "180+1"]
[EndTime "10:08:56 PDT"]
[Termination "Game drawn by repetition"]

1. e4 c6 2. d4 d5 3. exd5 cxd5 4. c4 Nf6 5. Nf3 g6 6. Nc3 Bg7 7. Qb3 dxc4 8. Bxc4 O-O 9. Ne5 e6 10. Be3 Nc6 11.
O-O Na5 12. Qd1 Nxc4 13. Nxc4 Nd5 14. Ne5 b6 15. Nc6 Qd6 16. Nxd5 exd5 17. Ne5 Bf5 18.
Rc1 Rac8 19. Bf4 Qb4 20. b3 Rxc1 21. Qxc1 Qxd4 22. Rd1 Qe4 23. Nd3 Rc8 24. Qd2 Bc3 25.
Qe3 Bd4 26. Qd2 Bf6 27. f3 Qd4+ 28. Be3 Qc3 29. Qe2 Qc2 30. Qxc2 Rxc2 31. Nb4 Rb2 32.
Nxd5 Be5 33. f4 Bd6 34. Bd4 Bc5 35. Bxc5 bxc5 36. Ne7+ Kg7 37. Nxf5+ gxf5 38. Rd5 Rxa2 39. Rxc5 Kg6 40. Rb5 f6 41. h3 a5 42. Kh2 h5 43.
h4 Ra3 44. g3 Ra2+ 45. Kh3 Ra1 46. Rb6 Rb1 47. Ra6 Rxb3 48. Rxa5 Rb1 49. Kg2 Rb2+ 50. Kh3 Rc2 51. Ra8 Re2 52. Rg8+ Kf7 53. Rh8 Kg6 54. Ra8 Rd2 55. Ra7 Re2 56. Ra8 Rd2 57. Rb8 Rd1 58. Rb2 Rh1+ 59. Rh2 Ra1 60. Rg2 Ra4 61. Rh2 Re4 62. Rg2 Re3 63. Rf2 Kf7 64.
Ra2 Kg6 65. Ra5 Re4 66. Ra3 Re2 67. Ra8 1/2-1/2

[Event "*** SCC Grand Prix: Titled Tuesday Blitz"]
[Site "Chess.com"]
[Date "2020.09.08"]
[Round "1"]
[White "Sethu0025"]
[Black "GMaka"]
[Result "1/2-1/2"]
[WhiteElo "2706"]
[BlackElo "2372"]
[TimeControl "180+1"]
[EndTime "10:08:57 PDT"]
[Termination "Game drawn by repetition"]

1. c4 e5 2. g3 c6 3. Nf3 e4 4.
Nd4 d5 5. cxd5 cxd5 6. Bg2 Nc6 7. Nxc6 bxc6 8. d3 exd3 9. Qxd3 Nf6 10. O-O Be7 11.
b3 O-O 12. Bb2 Be6 13. Nc3 Qa5 14. Rac1 Rfd8 15. Na4 Rac8 16. Bc3 Qb5 17. Bd4 Qxd3 18. exd3 Rd7 19. Bc5 Rb7 20. Rfe1 Bf8 21. Bxf8 Kxf8 22.
Nc5 Re7 23. d4 Nd7 24. Nd3 Bf5 25. Rxe7 Kxe7 26. Nb4 Nb8 27. Bf1 a5 28. Na6 Nxa6 29. Bxa6 Rb8 30. Rxc6 Rb4 31. Rc5 Rxd4 32. Rxa5 Bh3 33.
f3 Rd2 34. Ra4 d4 35. Rc4 d3 36.
Re4+ Kf6 37. Re1 Rxa2 38. Bxd3 Rg2+ 39. Kh1 Rb2 40. Be2 Rxb3 41. Kg1 Bf5 42. Kf2 Rb2 43. Rd1 g6 44. Ke3 Rb3+ 45. Kf2 h5 46. Rd6+ Ke7 47. Rc6 Rb2 48. Ke3 Rb3+ 49. Kf2 Rb2 50. Rc3 Kf6 51. Re3 g5 52. Rc3 g4 53. Rc6+ Kg7 54. Rc5 Kf6 55. Ke3 Rb3+ 56. Kf2 Rb2 57. Rc3 Kg7 58. f4 Be4 59. Ke3 f5 60. Rc7+ Kf6 61.
Rc3 Ra2 62. Rb3 Rc2 63. Rb6+ Kg7 64. Rb3 Kf6 65. Ra3 Rb2 66. Ra6+ Kf7 67. Ra7+ Kg6 68. Ra6+ Kg7 69. Ra7+ Kg6 70. Ra3 Rc2 71. Ra6+ Kg7 72.
Ra7+ Kg6 73. Ra6+ Kg7 74. Ra7+ Kg6 75. Ra6+ 1/2-1/2

[Event "*** SCC Grand Prix: Titled Tuesday Blitz"]
[Site "Chess.com"]
[Date "2020.09.08"]
[Round "1"]
[White "RusPakhom"]
[Black "Iskusnyh"]
[Result "0-1"]
[WhiteElo "2273"]
[BlackElo "2599"]
[TimeControl "180+1"]
[EndTime "10:08:58 PDT"]
[Termination "Iskusnyh won on time"]

1. e4 e6 2. d4 d5 3. Nd2 c5 4. exd5 Qxd5 5. Ngf3 cxd4 6. Bc4 Qd7 7. O-O Nc6 8. Nb3 a6 9. Nbxd4 Nxd4 10. Qxd4 Nf6 11. Bg5 Qxd4 12. Nxd4 Bd7 13. Rfe1 O-O-O 14. Rad1 Bc5 15. Nf3 h6 16. Be3 Bxe3 17. Rxe3 Bc6 18. Rde1 Ng4 19. Rc3 Kb8 20. h3 Bxf3 21. Rxf3 Nf6 22.
Rd3 Rxd3 23. Bxd3 Rd8 24. f4 g6 25. Kf2 Kc7 26. g3 h5 27. Kf3 a5 28. a3 Nd7 29.
b4 axb4 30. axb4 Nf6 31. g4 Rd4 32. b5 hxg4+ 33. hxg4 Nd5 34. f5 exf5 35. gxf5 gxf5 36. Re5 f4 37. Rf5 f6 38. Rh5 Nb4 39. Be4 b6 40. Rh6 Rc4 41. Rxf6 Nxc2 42. Rf7+ Kd6 43. Rf6+ Ke5 44.
Rf5+ Kd4 45. Rxf4 Kc5 46. Bxc2 Rxc2 47. Rf5+ Kb4 48. Ke3 Rc5 49. Rf4+ Kxb5 50. Kd3 Ka5 51. Rf1 b5 52. Ra1+ Kb6 53. Rb1 Rc8 54. Kd4 Rc4+ 55.
Kd3 Kc5 56. Rh1 Kb6 57. Rb1 Ka5 58. Ra1+ Ra4 59. Rh1 Ra2 60. Kc3 Ka4 61. Rh4+ Ka3 62. Rh8 b4+ 63. Kd3 Rb2 64. Ra8+ Kb3 65. Rc8 Rg2 66.
Rh8 Rg1 67. Rh3 Kb2 0-1

[Event "*** SCC Grand Prix: Titled Tuesday Blitz"]
[Site "Chess.com"]
[Date "2020.09.08"]
[Round "1"]
[White "guillembaches"]
[Black "Witik"]
[Result "1-0"]
[WhiteElo "2393"]
[BlackElo "2710"]
[TimeControl "180+1"]
[EndTime "10:09:00 PDT"]
[Termination "guillembaches won by resignation"]

1. e4 c6 2. c4 e5 3. Nf3 d6 4. d4 Nd7 5. Nc3 Ngf6 6. Be2 Be7 7. O-O O-O 8. Be3 Ng4 9. Bd2 Re8 10. h3 Ngf6 11.
Be3 exd4 12. Nxd4 Bf8 13. Qc2 Nc5 14. Bf3 a5 15. Rad1 Qc7 16. Rfe1 g6 17. b3 Bg7 18.
Bf4 Nfd7 19. g3 Ne5 20. Bg2 h5 21. Bg5 Qb6 22. Be3 a4 23. f4 axb3 24. axb3 Ned7 25.
Na4 Nxa4 26. bxa4 Nc5 27. Ne2 Qa5 28. Bf2 Bxh3 29. Bxh3 Nxe4 30. Bd4 Bxd4+ 31. Nxd4 Nxg3 32. Qf2 Ne4 33. Qg2 d5 34. f5 g5 35. Rxe4 Rxe4 36.
Qxg5+ Kf8 37. f6 Qc5 38. Qg7+ Ke8 39. Qg8+ Qf8 40. Qxf8+ Kxf8 41. cxd5 cxd5 42. Nf5 Re5 43. Nd6 Ra6 44. Nxb7 Rxa4 45. Nc5 Ra7 46. Nd7+ Rxd7 47. Bxd7 Rg5+ 48. Kh2 h4 49. Rf1 d4 50. Bh3 Rd5 51. Rd1 Rd6 52. Rd3 Rxf6 53. Rxd4 Kg7 54. Rxh4 Rh6 55.
Rg4+ Rg6 56. Rf4 Rf6 57. Rh4 Rh6 58. Rd4 Rf6 59. Kg3 Rg6+ 60. Kf2 Rf6+ 61. Kg3 Rh6 62. Bg4 Rb6 63. Rf4 Kg6 64. Bf3 f6 65. Rd4 Rb5 66. Rd7 Rc5 67. Kf4 Rc4+ 68. Be4+ f5 69. Rd6+ Kg7 70. Kxf5 Rc1 71. Ke5 Rc5+ 72. Bd5 Rc7 73. Re6 Ra7 74. Re8 Rc7 75. Rg8+ Kh7 76. Rg1 Rc2 77. Be4+ Kh6 78. Bxc2 1-0

[Event "*** SCC Grand Prix: Titled Tuesday Blitz"]
[Site "Chess.com"]
[Date "2020.09.08"]
[Round "1"]
[White "Jumbo"]
[Black "geordie_derraugh"]
[Result "0-1"]
[WhiteElo "2759"]
[BlackElo "2421"]
[TimeControl "180+1"]
[EndTime "10:09:02 PDT"]
[Termination "geordie_derraugh won on time"]

1. d4 Nf6 2. c4 e6 3. g3 Bb4+ 4. Bd2 a5 5. Bg2 d5 6. e3 O-O 7. Ne2 Nbd7 8. O-O dxc4 9. a3 Be7 10. Qc2 Nb6 11. e4 c5 12. Bc3 Qc7 13. Nd2 Rd8 14. Rac1 Bd7 15. dxc5 Qxc5 16. Bd4 Qc7 17. Bxb6 Qxb6 18.
Nxc4 Qa6 19. Ne5 Bb5 20. Rfe1 Bd6 21. Nf3 Bd3 22. Qd2 Bxe4 23. Qe3 Bg6 24. Nc3 Rac8 25. Rcd1 Be7 26. Ne5 Rxd1 27. Rxd1 b5 28. Qe2 Rb8 29.
h4 h5 30. Bf3 Qb6 31. Nxg6 fxg6 32. Kg2 Kf7 33. Rd3 b4 34. axb4 axb4 35. Ne4 Nd5 36. Rd2 Qc7 37. Qd1 Qe5 38. Re2 Qf5 39. Qd3 Rd8 40.
Qc4 Rd7 41. Qb5 Nf4+ 42. gxf4 Qxb5 43. Ng3 Bxh4 44. Ne4 Bf6 45. Rc2 Qd3 46. Re2 Qd4 47. b3 h4 48. Re3 Qb2 49. Re2 Qxb3 50. Nc5 Qd1 51. Rxe6 Qd4 52. Nxd7 Qxd7 53. Rb6 Qf5 54. Rb7+ Kg8 55. Rxb4 g5 56. fxg5 Qxg5+ 57. Rg4 Qf5 58. Rb4 g5 59. Bg4 Qd5+ 60. Bf3 Qc5 61. Re4 Kg7 62. Bg4 Qc6 63. f3 Qc2+ 64. Kh3 Qd3 65. Re6 Qf1+ 66. Kh2 Bd8 67. Rc6 Kf7 68. Rc2 Be7 0-1

[Event "*** SCC Grand Prix: Titled Tuesday Blitz"]
[Site "Chess.com"]
[Date "2020.09.08"]
[Round "1"]
[White "Yuwono"]
[Black "Sankalp_Gupta2003"]
[Result "1/2-1/2"]
[WhiteElo "2401"]
[BlackElo "2743"]
[TimeControl "180+1"]
[EndTime "10:09:04 PDT"]
[Termination "Game drawn by repetition"]

1. d4 Nf6 2. c4 e6 3. Nc3 Bb4 4. Qc2 d5 5. Bg5 h6 6. Bxf6 Qxf6 7. e3 O-O 8. Nf3 Nc6 9. a3 Bxc3+ 10. Qxc3 Re8 11. cxd5 exd5 12. Be2 Qg6 13. b4 a6 14. O-O Bh3 15. Nh4 Qg5 16. g3 Bxf1 17.
Bxf1 Re7 18. Ng2 Qf6 19. Nf4 Qd6 20. Rc1 Rd7 21. Bg2 Ne7 22. Bh3 f5 23. Nd3 c6 24.
Ne5 Rdd8 25. Qd3 Rf8 26. Bf1 Ng6 27. Nf3 Rae8 28. Rb1 Qe7 29. Qd1 Nh8 30. a4 Nf7 31.
b5 axb5 32. axb5 Nd6 33. bxc6 bxc6 34. Ne5 Qc7 35. Rc1 Ne4 36. Rxc6 Qd8 37. Qb3 Rf6 38. Bb5 Ref8 39. Kg2 Kh7 40. Rc2 Rb6 41. Qa4 Nf6 42.
Bd3 Qe7 43. Bxf5+ Kg8 44. Rc6 Rxc6 45. Qxc6 Rd8 46. Ng6 Qd6 47. Qb7 Nd7 48. Nf4 Nf6 49.
Be6+ Kh7 50. Qf7 Qf8 51. Qg6+ Kh8 52. h4 Qe8 53. Qf5 Rd6 54. Ng6+ Qxg6 55. Qxg6 Rxe6 56.
Qf7 Re4 57. Kf3 h5 58. Ke2 Kh7 59. f3 Re8 60. g4 hxg4 61. fxg4 Ra8 62. g5 Ne4 63.
Kf3 Ra2 64. Qh5+ Kg8 65. Qe8+ Kh7 66. Qh5+ Kg8 67. Qe8+ Kh7 68. Kg4 Rg2+ 69. Kh3 Rg3+ 70. Kh2 Rxe3 71. Qh5+ Kg8 72. Qe8+ Kh7 73. Qh5+ Kg8 74.
Qe8+ Kh7 1/2-1/2

[Event "*** SCC Grand Prix: Titled Tuesday Blitz"]
[Site "Chess.com"]
[Date "2020.09.08"]
[Round "1"]
[White "kosya4ok"]
[Black "KatarinaOstojic"]
[Result "1-0"]
[WhiteElo "2672"]
[BlackElo "2336"]
[TimeControl "180+1"]
[EndTime "10:09:04 PDT"]
[Termination "kosya4ok won by resignation"]

1. e3 c5 2. d4 cxd4 3. exd4 d5 4.
c4 Nf6 5. Nc3 g6 6. Bg5 Bg7 7.
Bxf6 Bxf6 8. Nxd5 Bg7 9. Nf3 Nc6 10. Qa4 O-O 11. O-O-O Bg4 12. Be2 Bxf3 13. Bxf3 Nxd4 14. Rhe1 e6 15. Nc3 Qg5+ 16. Re3 Qh4 17. Bxb7 Rab8 18. Rh3 Qf4+ 19. Kb1 Rxb7 20. c5 Qf5+ 21. Rhd3 Qxc5 22. Ne4 Qb6 23. b3 Rc7 24. Rxd4 Bxd4 25. Qxd4 Qxd4 26. Rxd4 Kg7 27. Rd2 Rfc8 28. Kb2 h6 29. f3 Rc6 30. b4 a6 31. a3 g5 32. Nc5 a5 33. Kb3 axb4 34.
axb4 Kg6 35. Kc4 Kf6 36. Rc2 e5 37. Ra2 Kg6 38. Ra7 f5 39. Kb5 R6c7 40. Ra6+ Kh7 41. Re6 e4 42. fxe4 fxe4 43. Rxe4 Rb8+ 44. Kc4 Rc6 45.
Re2 Rcb6 46. Rb2 Rb5 47. Kc3 Kg6 48. Kc4 h5 49. Nd3 R5b7 50. Ra2 Rc7+ 51. Nc5 Rbc8 52. Ra6+ Kf5 53. Kd5 Rd8+ 54. Rd6 Rxd6+ 55. Kxd6 Rc8 56. b5 Rb8 57. Kc6 Kf4 58. b6 Ke3 59. Ne6 g4 60. Ng7 h4 61. Nf5+ Kf2 62. Nxh4 Rh8 63. b7 g3 64. h3 Ke3 65. Kc7 Rh7+ 66. Kb6 Rh6+ 67. Ka7 Rh7 68. Ka8 Rh8+ 69. b8=Q Rxb8+ 70. Kxb8 Kf4 71. Kc7 Kg5 72. Nf3+ Kf4 73. Kd6 Ke3 74. Nh4 Kf2 75.
Ke5 Kg1 76. Kf4 Kh2 77. Kg4 Kg1 78. Kxg3 1-0

[Event "*** SCC Grand Prix: Titled Tuesday Blitz"]
[Site "Chess.com"]
[Date "2020.09.08"]
[Round "1"]
[White "WIDBIFS"]
[Black "JoliyRoger"]
[Result "0-1"]
[WhiteElo "2701"]
[BlackElo "2385"]
[TimeControl "180+1"]
[EndTime "10:09:05 PDT"]
[Termination "JoliyRoger won by resignation"]

1. d4 Nf6 2. Nf3 e6 3. Bf4 c5 4. e3 b6 5. Nbd2 Bb7 6. c3 Be7 7. Bd3 Nh5 8. Bg3 Nc6 9. Qe2 a6 10.
a3 g6 11. e4 cxd4 12. cxd4 d5 13. e5 b5 14. h4 Na5 15. Bh2 Nc4 16. g4 Ng7 17. Rb1 h5 18. g5 Qb6 19. O-O O-O 20. Bf4 Rfc8 21. Rfd1 a5 22. Nf1 Ba6 23. Ne3 Nxe3 24.
Bxe3 b4 25. axb4 Bxd3 26. Qxd3 Bxb4 27. Rdc1 Nf5 28. Kg2 Kg7 29. Kh3 Qb7 30. Ng1 Rxc1 31.
Rxc1 Rc8 32. Ne2 Rxc1 33. Nxc1 Qc6 34. Ne2 Be7 35. Ng3 Nxg3 36. Kxg3 a4 37. Qd1 Qc4 38. Kf3 Bb4 39. Qxa4 Kg8 40. Qd1 Bf8 41. Qe2 Qb3 42.
Kg2 Bb4 43. Kh2 Bf8 44. Kg2 Bb4 45. Qb5 Qxb2 46. Qb8+ Kg7 47. Qb5 Qa3 48. Qe2 Be7 49.
Qf3 Qa7 50. Qe2 Qd7 51. Qd3 Qc6 52. Qb3 Qc7 53. Kf3 Qd7 54. Kg2 Qc7 55. Kf3 Bf8 56. Kg2 Kg8 57. Kf3 Qa7 58. Kg2 Qa6 59. Kf3 Qf1 60.
Kg3 Qg1+ 61. Kh3 Qg4+ 62. Kh2 Qxh4+ 63. Kg2 Qg4+ 64. Kf1 h4 65. Bd2 Qxd4 66. Qe3 Qc4+ 67. Kg2 Bc5 68. Qf3 Be7 69. Bf4 Kg7 70. Be3 Qd3 71.
Kh2 Qf5 72. Qxf5 gxf5 73. Kh3 Kg6 74. f4 Bb4 75. Bd4 Bd2 76. Kxh4 Bxf4 77. Kh3 Kxg5 78. Kg2 0-1

[Event "*** SCC Grand Prix: Titled Tuesday Blitz"]
[Site "Chess.com"]
[Date "2020.09.08"]
[Round "1"]
[White "NeverW84M8"]
[Black "BogdanDeac"]
[Result "0-1"]
[WhiteElo "2457"]
[BlackElo "2930"]
[TimeControl "180+1"]
[EndTime "10:09:06 PDT"]
[Termination "BogdanDeac won by resignation"]

1. d4 d5 2. c4 e6 3. e3 Nf6 4. Nc3 g6 5. Nf3 Bg7 6. Be2 O-O 7. O-O dxc4 8. Bxc4 c5 9. dxc5 Qa5 10. Nb5 Ne4 11.
Rb1 a6 12. b4 Qd8 13. Qxd8 Rxd8 14. Nbd4 a5 15. a3 axb4 16. axb4 Na6 17. Bxa6 Rxa6 18.
Bb2 Ra4 19. Nc2 Ra2 20. Bxg7 Kxg7 21. Ncd4 f6 22. Ra1 Rb2 23. Ra7 e5 24. c6 exd4 25.
cxb7 Bd7 26. b8=Q Rxb8 27. Rxd7+ Kh6 28. Rxd4 R8xb4 29. Rxb4 Rxb4 30. Nd4 Rb2 31. g3 f5 32.
h3 Kg5 33. Ne6+ Kf6 34. Nf4 Rd2 35. Ng2 g5 36. Ne1 h5 37. Nf3 Rb2 38. h4 g4 39.
Nd4 Ke5 40. Kg2 Ra2 41. Kg1 Rb2 42. Kg2 Ra2 43. Nc6+ Kf6 44. Nb4 Rd2 45. Kg1 Nc3 46.
Nc6 Nd1 47. Nd4 Ke5 48. Nb3 Rd3 49. Nc5 Rd2 50. Nb3 Rd3 51. Nc1 Rd8 52. Ne2 Ke4 53. Kg2 Nb2 54. Rb1 Rd2 55. Nc3+ Ke5 56. Rf1 Nc4 57. Kg1 Rc2 58. Nb5 Nd2 59. Nd4 Rb2 60.
Rc1 Ne4 61. Rf1 Kf6 62. Kg2 Ke5 63. Kg1 Ra2 64. Kg2 Kf6 65. Kg1 Nd2 66. Kg2 Nxf1 67.
Kxf1 Ke5 68. Kg2 Ke4 69. Nb5 Rd2 70. Nc3+ Kd3 71. Nd5 Ke2 72. Nf4+ Ke1 73. Nxh5 Rxf2+ 74. Kg1 Rf3 75. Kg2 Ke2 76. Nf4+ Kxe3 77. h5 Rf2+ 78. Kg1 Rb2 79. h6 Rb6 80. h7 Rh6 81. Nd5+ Kf3 82. Nf6 Kxg3 0-1

[Event "*** SCC Grand Prix: Titled Tuesday Blitz"]
[Site "Chess.com"]
[Date "2020.09.08"]
[Round "1"]
[White "ChronicUnhappiness"]
[Black "tigra"]
[Result "0-1"]
[WhiteElo "2428"]
[BlackElo "2857"]
[TimeControl "180+1"]
[EndTime "10:09:06 PDT"]
[Termination "tigra won on time"]

1. c4 e5 2. g3 Nf6 3. Bg2 d5 4. cxd5 Nxd5 5. Nc3 Nb6 6. Nf3 Nc6 7. O-O Be7 8. a3 O-O 9. b4 Re8 10. d3 Bf8 11.
Bb2 Bg4 12. Rc1 a5 13. b5 Nd4 14. Nd2 Rb8 15. h3 Be6 16. e3 Nf5 17. Qc2 Nd6 18.
Nde4 Nd7 19. Kh2 h6 20. Rfd1 Nf5 21. d4 exd4 22. exd4 Nf6 23. Nxf6+ Qxf6 24. d5 Bd7 25. Ne4 Qg6 26. Nc5 Bxc5 27. Qxc5 Re2 28. Rc2 b6 29.
Qc3 Rxc2 30. Qxc2 Qd6 31. a4 h5 32. Be4 Nh6 33. Qc3 f6 34. Rc1 Re8 35. Qxc7 Qxc7 36.
Rxc7 Rxe4 37. Rxd7 Rb4 38. Bc3 Rxa4 39. d6 Rc4 40.
Rc7 Re4 41. d7 Nf7 42. Rc8+ Kh7 43. d8=Q Nxd8 44. Rxd8 Re2 45. Bd4 a4 46. Bxb6 Rb2 47.
Bd4 Rxb5 48. Ra8 Rb4 49. Be3 Kg6 50. Kg2 h4 51. g4 Rc4 52. Ra5 Rb4 53. Kf3 Rc4 54.
Ke2 Rb4 55. Kd3 Rb3+ 56. Ke4 Ra3 57. Rh5 Rb3 58. Rxh4 Rb4+ 59. Kd3 a3 60. Rh8 Ra4 61. Bd4 a2 62. Ba1 Ra3+ 63. Ke2 Kg5 64. Rh5+ Kg6 65.
Rb5 Rxh3 66. Rb2 Ra3 67. Rb5 Ra6 68. Kf1 Ra4 69. Ke2 Re4+ 70. Kf3 Re1 71. Bb2 Rb1 72. Rb3 Rxb2 73. Rxb2 a1=Q 74. Re2 Qd1 0-1